AoeStats
← Nihil

Arena

505336065Analyzed
2v2 RM · 22d ago on Sep 8, 2026· 14m 51s· 4 players
Game mode
Random Map
Map size
Medium (4 player)
Population
200
Speed
Normal
Resources
Standard
Victory
Conquest
Starting age
Dark Age
Ending age
Imperial Age
RankedLock teamsTeams togetherTeam positionsShared explorationLock speedFull tech treeHidden civsTurbo modeCheats
Victory
Defeat
🇮🇹 Spanish · Italy
1329
+9
🇺🇸 Khmer · United States
1035
+21
🇨🇴 Romans · Colombia
1338
-21
🇨🇴 Khmer · Colombia
990
-9
HunterLP
0:28 Loom
12:47 Feudal Age
15:02 Wheelbarrow
14:15 Double-Bit Axe
14:13 Horse Collar
SMNT - KMUS
10:19 Loom
Such_A_Noob
8:58 Loom
11:21 Feudal Age
Nihil
6:49 Loom
9:08 Feudal Age
10:14 Double-Bit Axe
Connection lost

Rejoining the realm…

Still unreachable

The connection could not be restored.

Session expired

The server has moved on; the page needs a fresh start.